 Dungeon Sprint DCSS version 0.28-a0-1510-gd0f6b136d3 (webtiles) character file.

Game seed: 6293417170769491945

29915 mhtbhm the Severer (level 13, -1/134 HPs)
             Began as a Minotaur Fighter on Jan 15, 2022.
             Was the Champion of Qazlal.
             Killed from afar by an electric golem (31 damage)
             ... with a bolt of lightning
             ... in the Dungeon (Sprint VII: "The Pits").
             The game lasted 00:08:02 (3770 turns).

mhtbhm the Severer (Minotaur Fighter)               Turns: 3770, Time: 00:08:03

Health: -1/134     AC: 26    Str: 27    XL:     13   Next: 17%
Magic:  24/24      EV:  9    Int:  5    God:    Qazlal [******]
Gold:   35         SH: 23    Dex:  9    Spells: 12/12 levels left

rFire   . . .      SeeInvis +   a - +1 broad axe (vorpal)
rCold   . . .      Faith    .   c - +1 kite shield {reflect}
rNeg    . . .      Spirit   .   b - +3 plate armour
rPois   .          Reflect  +   (helmet restricted)
rElec   +          Harm     .   (no cloak)
rCorr   .          Rampage  .   s - +0 pair of gloves
Will    .....      NoTele   +   (no boots)
Stlth   ..........              E - amulet of magic regeneration
HPRegen 0.32/turn               v - ring of see invisible
MPRegen 0.59/turn               p - +3 ring of protection

@: protected from electricity, repel missiles
A: horns 2, retaliatory headbutt
a: Renounce Religion, Upheaval, Elemental Force, Disaster Area


You were in the Dungeon.
You worshipped Qazlal.
Qazlal was exalted by your worship.
You visited 1 branch You collected 35 gold pieces.

Inventory:

Hand Weapons
 a - a +1 vorpal broad axe (weapon)
Armour
 b - a +3 plate armour (worn)
 c - a +1 kite shield of reflection (worn)
 s - a +0 pair of gloves (worn)
 C - a scarf of harm
Jewellery
 p - a +3 ring of protection (right hand)
 v - a ring of see invisible (left hand)
 w - a ring of protection from cold
 E - an amulet of magic regeneration (around neck)
Wands
 t - a wand of paralysis (11)
Scrolls
 j - 2 scrolls of blinking
 l - 5 scrolls of amnesia
 m - a scroll of summoning
 x - a scroll of silence
 y - 2 scrolls of fear
 z - 4 scrolls of enchant weapon
 A - 3 scrolls of identify
 B - a scroll of fog
Potions
 d - a potion of might
 e - 8 potions of curing
 f - 2 potions of heal wounds
 g - 6 potions of haste
 h - 5 potions of magic
 i - 4 potions of berserk rage
 k - 2 potions of invisibility
 o - 2 potions of brilliance
 q - a potion of resistance
 r - a potion of mutation
 u - 2 potions of cancellation
Miscellaneous
 n - a phantom mirror (inert)
 D - a piece from Xom's chessboard (12/15)


   Skills:
 + Level 18.1 Fighting
 + Level 20.8 Axes
 + Level 18.1 Armour
 + Level 4.7 Dodging
 + Level 0.3 Stealth
 + Level 18.7 Shields
 * Level 16.2 Invocations


You had 12 spell levels left.
You didn't know any spells.
Your spell library contained the following spells:

 Spells                   Type           Power      Damage    Failure   Level
 Beastly Appendage        Tmut           0%         N/A       99%         1
 Foxfire                  Conj/Fire      0%         2x1d4     99%         1
 Corpse Rot               Necr/Air       0%         N/A       99%         2
 Poisonous Vapours        Pois/Air       0%         N/A       99%         2
 Wereblood                Tmut           0%         N/A       99%         2
 Conjure Flame            Conj/Fire      0%         6-21      100%        3
 Inner Flame              Hex/Fire       0%         N/A       100%        3
 Spider Form              Tmut/Pois      0%         N/A       100%        3
 Summon Guardian Golem    Hex/Summ       0%         N/A       100%        3
 Flame Wave               Conj/Fire      0%         2d4       100%        4
 Orb of Destruction       Conj           0%         9d5       100%        7
 Spellforged Servitor     Conj/Summ      0%         N/A       100%        7


Dungeon Overview and Level Annotations

Branches:
Dungeon (1/1)

Altars:
Ashenzari
Cheibriados
Dithmenos
Elyvilon
Fedhas
Gozag
Hepliaklqana
Kikubaaqudgha
Makhleb
Nemelex Xobeh
Okawaru
Qazlal
Ru
Sif Muna
Trog
Uskayaw
Vehumet
Wu Jian
Xom
Yredelemnul
Zin
The Shining One
Beogh
Jiyva
Lugonu


Innate Abilities, Weirdness & Mutations

You have a pair of horns on your head.
You reflexively headbutt those who attack you in melee.


Message History

You make a move on Xom's chessboard...
The electric golem is unaffected.
The electric golem blinks!
Aiming: Paralyse
Press: ? - help, Shift-Dir - straight line, f - you
Okay, then.
Your electric golem shimmers and vanishes!
What are your orders? t - Shout!
Orders for allies: a - Attack new target. p - Attack previous target. r - Retreat! s - Stop attacking. g - Guard the area. f - Follow me.
Anything else - Cancel.
Okay, then.
You make a move on Xom's chessboard...
The electric golem is unaffected.
Unknown command.
You make a move on Xom's chessboard...
The electric golem is unaffected.
The electric golem is engulfed in freezing vapours.
Unknown command.
You slice the electric golem!!
Your headbutt misses the electric golem.
The electric golem is almost destroyed.
You block the electric golem's attack. x2; The electric golem hits you.
* * * LOW HITPOINT WARNING * * *
The electric golem hits you but does no damage.
You miss the electric golem.
The electric golem is almost destroyed.
You block the electric golem's attack. The electric golem hits you.
* * * LOW HITPOINT WARNING * * *
The electric golem shocks you!!
* * * LOW HITPOINT WARNING * * *
You block the electric golem's attack. The electric golem hits you.
* * * LOW HITPOINT WARNING * * *
You feel much better. You block the electric golem's attack.
The electric golem hits you but does no damage.
You block the electric golem's attack.
The electric golem hits you but does no damage.
The electric golem hurls lightning at you.
The bolt of lightning hits you!!
You feel protected from electricity.
You die...

#+# #.# #'#
#################'#
..............○...#
.............[°9.○#
++##############@.#
#..# #§○# #..# #..#
#..# #..# #..# #..#


You could see an electric golem.

Vanquished Creatures
  Saint Roka (D)
  A sphinx (D)
  An apis (D)
  A minotaur (D)
  A merfolk javelineer (D)
  A hydra (D)
  A merfolk avatar (D)
  Erolcha (D)
  A boulder beetle (D)
  An ogre mage (D)
  3 two-headed ogres (D)
  2 death yaks (D)
  A merfolk aquamancer (D)
  A death knight (D)
  A vampire mage (D)
  A shadow wraith (D)
  A sea snake (D)
  A spriggan druid (D)
  4 flayed ghosts (D)
  3 wizards (D)
  3 harpies (D)
  A deep elf zephyrmancer (D)
  A phantasmal warrior (D)
  A deep elf pyromancer (D)
  An orc sorcerer (D)
  A cyclops (D)
  A smoke demon (D)
  A gargoyle (D)
  A guardian serpent (D)
  A molten gargoyle (D)
  A demonic crawler (D)
  A komodo dragon (D)
  An ice devil (D)
  A guardian mummy (D)
  A troll (D)
  A merfolk (D)
  2 red devils (D)
  2 hornets (D)
  8 blink frogs (D)
  A snapping turtle (D)
  2 jumping spiders (D)
  2 wraiths (D)
  3 water elementals (D)
  A fire elemental (D)
  A neqoxec (D)
  A chaos spawn (D)
  3 redbacks (D)
  A steam dragon (D)
  An acid dragon (D)
  2 floating eyes (D)
  An ice beast (D)
  A necrophage (D)
  3 ogres (D)
  3 phantoms (D)
  A kobold brigand (D)
  A bullfrog (D)
  A scorpion (D)
  5 killer bees (D)
  4 wights (D)
  A gnoll shaman (D)
  An orc priest (D)
  2 iron imps (D)
  Ijyb (D)
  A hell rat (D)
  2 orc wizards (D)
  A mummy (D)
  4 gnolls (D)
  A river rat (D)
  4 orcs (D)
  A giant cockroach (D)
  2 hobgoblins (D)
  5 jackals (D)
  2 quokkas (D)
  2 ball pythons (D)
  A bat (D)
  A frilled lizard (D)
  A quokka skeleton (D)
  A rat (D)
130 creatures vanquished.

Vanquished Creatures (collateral kills)
  A hydra (D)
1 creature vanquished.

Vanquished Creatures (others)
  A white imp (D)
1 creature vanquished.

Grand Total: 132 creatures vanquished

Notes
Turn   | Place    | Note
-------+----------+-------------------------------------------
     0 | D        | mhtbhm the Minotaur Fighter began the quest for the Orb.
     0 | D        | Reached XP level 1. HP: 19/19 MP: 0/0
    20 | D        | Found a bloodstained altar of Trog.
    20 | D        | Found a shimmering blue altar of Sif Muna.
    20 | D        | Found a viscous altar of Jiyva.
    20 | D        | Found a hazy altar of Hepliaklqana.
    20 | D        | Found an opulent altar of Gozag.
    21 | D        | Found a glowing golden altar of the Shining One.
    21 | D        | Found a glowing silver altar of Zin.
    21 | D        | Found a basalt altar of Yredelemnul.
    21 | D        | Found a shimmering altar of Xom.
    21 | D        | Found an ornate altar of the Wu Jian Council.
    21 | D        | Found a sacrificial altar of Ru.
    21 | D        | Found a stormy altar of Qazlal.
    21 | D        | Found an iron altar of Okawaru.
    21 | D        | Found a sparkling altar of Nemelex Xobeh.
    21 | D        | Found a burning altar of Makhleb.
    21 | D        | Found a blossoming altar of Fedhas.
    21 | D        | Found a white marble altar of Elyvilon.
    21 | D        | Found a shadowy altar of Dithmenos.
    21 | D        | Found a snail-covered altar of Cheibriados.
    23 | D        | Found a radiant altar of Vehumet.
    23 | D        | Found a corrupted altar of Lugonu.
    24 | D        | Found a hide-covered altar of Uskayaw.
    24 | D        | Found an ancient bone altar of Kikubaaqudgha.
    24 | D        | Found a broken altar of Ashenzari.
    28 | D        | Became a worshipper of Qazlal Stormbringer
    78 | D        | Reached * piety under Qazlal
   122 | D        | Reached skill level 3 in Axes
   224 | D        | Noticed an orc wizard
   224 | D        | Noticed an orc priest
   225 | D        | Reached ** piety under Qazlal
   226 | D        | Reached XP level 2. HP: 27/27 MP: 1/1
   227 | D        | Reached skill level 1 in Invocations
   233 | D        | Reached skill level 5 in Fighting
   233 | D        | Reached skill level 5 in Armour
   233 | D        | Reached skill level 5 in Shields
   233 | D        | Reached XP level 3. HP: 36/36 MP: 1/3
   239 | D        | Reached *** piety under Qazlal
   240 | D        | Reached skill level 4 in Axes
   247 | D        | Reached XP level 4. HP: 37/42 MP: 2/5
   310 | D        | Noticed a bullfrog
   310 | D        | Noticed an ogre
   310 | D        | Noticed a floating eye
   316 | D        | Paralysed by a floating eye for 4 turns
   323 | D        | Paralysed by a floating eye for 3 turns
   327 | D        | Killed a floating eye
   327 | D        | Reached **** piety under Qazlal
   328 | D        | Reached skill level 5 in Axes
   328 | D        | Reached skill level 1 in Dodging
   328 | D        | Reached XP level 5. HP: 33/51 MP: 2/7
   334 | D        | Reached skill level 6 in Axes
   343 | D        | Reached skill level 5 in Invocations
   343 | D        | Reached XP level 6. HP: 33/60 MP: 3/8
   351 | D        | Reached skill level 7 in Axes
   357 | D        | Reached ***** piety under Qazlal
   383 | D        | Reached skill level 8 in Axes
   383 | D        | Reached XP level 7. HP: 45/68 MP: 4/10
   451 | D        | Noticed a five-headed hydra
   460 | D        | Killed a seven-headed hydra
   461 | D        | Reached skill level 10 in Axes
   461 | D        | Reached skill level 10 in Shields
   461 | D        | Reached XP level 8. HP: 19/78 MP: 5/12
   735 | D        | Reached ****** piety under Qazlal
   742 | D        | Noticed a flayed ghost
   759 | D        | Killed a flayed ghost
   760 | D        | Reached skill level 10 in Fighting
   760 | D        | Reached skill level 11 in Axes
   760 | D        | Reached XP level 9. HP: 68/85 MP: 14/14
   898 | D        | Noticed Ijyb
   898 | D        | Noticed a molten gargoyle
   904 | D        | Killed a molten gargoyle
   905 | D        | Killed Ijyb
   973 | D        | Noticed a death yak
   973 | D        | Noticed a boulder beetle
   982 | D        | Killed a death yak
   983 | D        | Reached skill level 12 in Axes
  1293 | D        | Killed a boulder beetle
  1294 | D        | Reached skill level 13 in Axes
  1294 | D        | Reached skill level 10 in Invocations
  1364 | D        | Reached XP level 10. HP: 79/97 MP: 16/16
  1470 | D        | Noticed a death knight
  1471 | D        | Noticed a sea snake
  1481 | D        | Killed a death knight
  1481 | D        | Killed a sea snake
  1482 | D        | Reached skill level 14 in Axes
  1694 | D        | Noticed a cyclops
  1700 | D        | Killed a cyclops
  1701 | D        | Reached skill level 15 in Axes
  1825 | D        | Noticed a phantasmal warrior
  1833 | D        | Killed a phantasmal warrior
  1851 | D        | Noticed a flayed ghost
  1851 | D        | Noticed a wizard
  1862 | D        | Killed a flayed ghost
  1863 | D        | Reached skill level 16 in Axes
  1863 | D        | Reached XP level 11. HP: 98/107 MP: 17/19
  1864 | D        | Killed a wizard
  1902 | D        | Noticed an orc sorcerer
  1920 | D        | Noticed Erolcha
  1920 | D        | Noticed a death yak
  1926 | D        | Reached skill level 15 in Shields
  1928 | D        | Noticed a sixfirhy
  1928 | D        | Killed an orc sorcerer
  1931 | D        | Killed Erolcha
  1936 | D        | Killed a death yak
  1937 | D        | Reached skill level 17 in Axes
  1937 | D        | Reached skill level 15 in Armour
  2380 | D        | Killed a shadow wraith
  2381 | D        | Reached skill level 18 in Axes
  2391 | D        | Noticed a flayed ghost
  2399 | D        | Killed a flayed ghost
  2402 | D        | Noticed a merfolk aquamancer
  2407 | D        | Killed a merfolk aquamancer
  2407 | D        | Noticed a wizard
  2408 | D        | Reached skill level 15 in Fighting
  2416 | D        | Killed a wizard
  2805 | D        | Reached XP level 12. HP: 98/121 MP: 21/21
  2823 | D        | Noticed a five-headed hydra
  2828 | D        | Killed an eight-headed hydra
  2829 | D        | Reached skill level 19 in Axes
  2996 | D        | Noticed Saint Roka
  2996 | D        | Noticed a two-headed ogre
  2997 | D        | Noticed an ogre mage
  2997 | D        | Noticed a two-headed ogre
  2997 | D        | Noticed a two-headed ogre
  2997 | D        | Killed a two-headed ogre
  2997 | D        | Killed an ogre mage
  2997 | D        | Killed a two-headed ogre
  2997 | D        | Killed a two-headed ogre
  3003 | D        | Killed Saint Roka
  3308 | D        | Noticed an apis
  3308 | D        | Noticed a merfolk avatar
  3309 | D        | Noticed a minotaur
  3314 | D        | Killed a merfolk avatar
  3316 | D        | Paralysed by a hornet for 3 turns
  3318 | D        | Noticed a merfolk javelineer
  3320 | D        | Reached skill level 20 in Axes
  3320 | D        | Reached skill level 15 in Invocations
  3323 | D        | Killed a merfolk javelineer
  3323 | D        | Noticed a sphinx
  3324 | D        | Reached XP level 13. HP: 93/134 MP: 6/23
  3325 | D        | Killed a minotaur
  3359 | D        | Identified the +6 mace "Bynogyth" {flame, rElec Str+5
                  | Dex-2}
  3363 | D        | Killed a sphinx
  3379 | D        | Killed an apis
  3744 | D        | Noticed an electric golem
  3770 | D        | Killed from afar by an electric golem

Illustrated notes

Levels and vault maps discovered:
D:        pitsprint [storerooms_1, entrance_room_1, metal_vault_2, armoury_2,
          mini_pit_1, grid_room_1, main_hall_1, silver_pit, the_coven_2,
          the_vestibule_1, steel_vault_4, golden_pit, hallway_of_sentries,
          crystal_vault_4, iron_vault_1, final_vault]

Skill      XL: |  1  2  3  4  5  6  7  8  9 10 11 12 13 |
---------------+----------------------------------------+-----
Fighting       | 4 5 6 7 8 9 10 11 13 15 17 18 | 18.1
Armour         | 4 5 7 8 9 11 12 13 14 15 17 18 | 18.1
Shields        | 4 5 7 8 9 10 11 12 14 16 18 | 18.7
Axes           | 3 4 5 6 8 10 11 13 16 18 20 | 20.8
Invocations    | 2 4 5 6 7 8 10 12 13 15 16 | 16.2
Dodging        | 1 2 3 4 |  4.7
Stealth        | |  0.3

Action                   |  1- 3 |  4- 6 |  7- 9 | 10-12 | 13-15 || total
-------------------------+-------+-------+-------+-------+-------++-------
Melee: Hand axe          |    28 |    50 |    43 |       |       ||   121
       War axe           |     3 |       |       |       |       ||     3
       Headbutt          |     3 |    12 |    17 |    31 |    10 ||    73
       Broad axe         |       |       |    25 |   139 |    38 ||   202
Invok: Upheaval          |       |     2 |       |       |       ||     2
       Elemental Force   |       |       |     1 |       |       ||     1
       Disaster Area     |       |       |       |     3 |       ||     3
Evoke: Piece from Xom's  |       |       |       |       |     3 ||     3
       Phantom mirror    |       |       |       |       |     1 ||     1
  Use: Potion            |     1 |     2 |     1 |     3 |     5 ||    12
Armor: Scale mail        |    19 |       |       |       |       ||    19
       Plate armour      |       |    14 |    31 |    81 |    37 ||   163
Dodge: Dodged            |    15 |    12 |    22 |    41 |     6 ||    96
       Repelled          |       |       |     1 |       |       ||     1
Block: Buckler           |    11 |    30 |    49 |   117 |    12 ||   219
       Kite shield       |       |       |       |       |    26 ||    26

Table legend: (Time is in decaauts)
 A = Elapsed time spent in this place.
 B = Non-inter-level travel time spent in this place.
 C = Inter-level travel time spent in this place.
 D = Time resting spent in this place.
 E = Time spent auto-exploring this place.
 F = Levels seen in this place.
 G = Mean time per level.
                   A        B        C        D        E       F      G
               +--------+--------+--------+--------+--------+-----+--------+
         Total |   3752 |   3752 |      0 |   2405 |     22 |   1 | 3752.0 |
       Dungeon |   3752 |   3752 |      0 |   2405 |     22 |   1 | 3752.0 |
               +--------+--------+--------+--------+--------+-----+--------+

Top non-repeatable levels by time:
       D: 3752 daAuts
